 Dungeon Crawl Stone Soup version 0.30.1-11-g7821555f0a (webtiles) character file.

Game seed: 1498408999852236716

504 Ekaitz the Gusty (level 7, -14/40 HPs)
             Began as a Tengu Air Elementalist on Dec 23, 2023.
             Demolished by an ogre
             ... wielding a +0 giant spiked club
              (29 damage)
             ... on level 4 of the Dungeon.
             The game lasted 00:06:27 (3017 turns).

Ekaitz the Gusty (Tengu Air Elementalist)           Turns: 3017, Time: 00:06:27

Health: -14/40     AC:  5    Str:  8      XL:     7   Next: 17%
Magic:  4/12       EV: 15    Int: 17      God:
Gold:   139        SH:  0    Dex: 20 (21) Spells: 5/11 levels left

rFire   . . .        e - +0 dagger (freeze)
rCold   . . .        (no shield)
rNeg    + . .        u - +2 leather armour {rN+}
rPois   .            (helmet restricted)
rElec   .            (no cloak)
rCorr   .            (no gloves)
SInv    .            (boots unavailable)
Will    .....        (no amulet)
Stlth   ++           g - +6 ring of dexterity
HPRegen 0.26/turn    (no ring)
MPRegen 0.13/turn

%: no passive effects
@: flying quickly and evasively, very slightly contaminated, quick
A: beak, talons 3, nimble flight
a: no special abilities


You were on level 4 of the Dungeon.
You visited 1 branch of the dungeon, and saw 4 of its levels.

You collected 139 gold pieces.

Inventory:

Hand Weapons
 e - a +0 dagger of freezing (weapon)
 i - a +0 scythe
 l - a +0 rapier
Missiles
 j - 9 poisoned darts
Armour
 t - a +1 chain mail of fire resistance
 u - a +2 leather armour of positive energy (worn)
Jewellery
 g - a +6 ring of dexterity (left hand)
 s - an amulet of faith
Wands
 m - a wand of flame (11)
Scrolls
 c - a scroll of brand weapon {unknown}
 d - 3 scrolls of identify {unknown}
 k - 2 scrolls of teleportation {unknown}
 o - a scroll of immolation {unknown}
 p - a scroll of poison {unknown}
Potions
 b - a potion of magic
 f - a potion of invisibility {unknown}
 h - a potion of heal wounds {unknown}
 n - a potion of lignification {unknown}
 q - a potion of mutation {unknown}
 r - a potion of curing {unknown}


   Skills:
 * Level 2.4 Fighting
 + Level 0.4 Short Blades
 + Level 0.1 Throwing
 * Level 3.6 Dodging
 + Level 3.1 Stealth
 + Level 2.8 Spellcasting
 * Level 4.0 Conjurations
 * Level 6.8 Air Magic


You had 5 spell levels left.
You knew the following spells:

 Your Spells              Type           Power      Damage    Failure   Level
a - Shock                 Conj/Air       80%        1d8       2%          1
b - Static Discharge      Conj/Air       40%        2-4/arc   4%          2
c - Swiftness             Air            25%        N/A       4%          3

Your spell library contained the following spells:

 Spells                   Type           Power      Damage    Failure   Level
 Airstrike                Air            12%        2d(2-18)  16%         4
 Stone Arrow              Conj/Erth      18%        3d8       34%         3
 Ensorcelled Hibernation  Hex/Ice        4%         N/A       36%         2
 Spider Form              Tmut/Pois      2%         N/A       61%         3
 Anguish                  Hex/Necr       1%         N/A       95%         4
 Animate Armour           Summ/Erth      4%         N/A       95%         4
 Animate Dead             Necr           2%         N/A       95%         4
 Borgnjor's Vile Clutch   Necr/Erth      1%         N/A       100%        5
 Death Channel            Necr           1%         N/A       100%        6
 Lehudib's Crystal Spear  Conj/Erth      4%         10d3      100%        8


Dungeon Overview and Level Annotations

Branches:
Dungeon (4/15)
 Temple: D:4-7

Altars:
Nemelex Xobeh
Ru

Shops:
D:2 :


Innate Abilities, Weirdness & Mutations

You have a beak for a mouth.
You have claws for feet.
Your magical nature lets you fly swiftly and evasively.


Message History

The ogre is heavily wounded.
The lightning grounds out.
The ogre closely misses you. The orc misses you.
Unknown command.
Unknown command.
Casting: Static Discharge (safe; 4% risk of failure)
Confirm with . or Enter, or press ? or * to list all spells.
The ogre is struck by an arc of lightning.
The ogre is heavily wounded.
You are struck by an arc of lightning.
The lightning grounds out.
The orc is struck by an arc of lightning.
The orc is severely wounded.
You are struck by an arc of lightning.
The ogre is struck by an arc of lightning.
The ogre is heavily wounded.
You are struck by an arc of lightning.
The lightning grounds out.
The ogre closely misses you. The orc misses you.
Unknown command.
Casting: Static Discharge (safe; 4% risk of failure)
Confirm with . or Enter, or press ? or * to list all spells.
You miscast Static Discharge.
You are very lightly contaminated with residual magic.
Nothing appears to happen.
The orc throws a boomerang.
The boomerang closely misses you.
The orc wizard casts a spell.
The orc wizard flickers and vanishes!
Deactivating autopickup; reactivate with Ctrl-A.
The orc misses you.
Unknown command.
Unknown command.
Casting: Static Discharge (safe; 4% risk of failure)
Confirm with . or Enter, or press ? or * to list all spells.
The ogre is struck by an arc of lightning.
The ogre is severely wounded.
You are struck by an arc of lightning.
The orc is struck by an arc of lightning.
You kill the orc!
The lightning grounds out.
The ogre hits you with a +0 giant spiked club!!
Ouch! That really hurt!
You die...

...............
##.............
#.o...........
#.............
#.............
..{.........
#..........
#.O........
#..@<......
#.).)......
#..........
#..........
#..........
#..........
####+#.....
.....


You could see an ogre and an orc.

Vanquished Creatures
  Sigmund (D:2)
  Eustachio (D:3)
  Terence (D:2)
  2 orc wizards (D:3)
  A gnoll (D:1)
  4 adders
  A worm (D:3)
  2 dart slugs
  6 orcs
  4 ball pythons
  11 endoplasms
  2 giant cockroaches
  5 goblins
  4 hobgoblins
  2 quokkas
  4 bats
  A frilled lizard (D:2)
  5 kobolds
  3 rats
60 creatures vanquished.

Notes
Turn   | Place    | Note
-------+----------+-------------------------------------------
     0 | D:1      | Ekaitz the Tengu Air Elementalist began the quest for the
                  | Orb.
     0 | D:1      | Reached XP level 1. HP: 10/10 MP: 4/4
   303 | D:1      | Reached XP level 2. HP: 12/15 MP: 6/6
   306 | D:1      | Learned a level 2 spell: Static Discharge
   577 | D:1      | Reached XP level 3. HP: 20/20 MP: 5/7
   581 | D:1      | Learned a level 3 spell: Swiftness
   937 | D:2      | Noticed Terence
  1086 | D:2      | Noticed Sigmund
  1103 | D:2      | Killed Sigmund
  1104 | D:2      | Reached skill level 1 in Fighting
  1104 | D:2      | Reached skill level 6 in Air Magic
  1104 | D:2      | Reached XP level 4. HP: 14/26 MP: 0/8
  1104 | D:2      | Gained mutation: Your magical nature lets you fly swiftly
                  | and evasively. [Tengu growth]
  1104 | D:2      | Reached XP level 5. HP: 16/30 MP: 0/9
  1438 | D:2      | Reached XP level 6. HP: 35/35 MP: 5/10
  1575 | D:2      | Killed Terence
  1728 | D:2      | Found Gyff's Book Boutique.
  2209 | D:3      | Found a faded altar of an unknown god.
  2378 | D:3      | Found a sacrificial altar of Ru.
  2635 | D:3      | Found a sparkling altar of Nemelex Xobeh.
  2908 | D:4      | Noticed Eustachio
  2921 | D:3      | Killed Eustachio
  2922 | D:3      | Reached XP level 7. HP: 21/40 MP: 0/12
  3017 | D:4      | Demolished by an ogre

Illustrated notes

Levels and vault maps discovered:
D:1:      minmay_arrival_loop, layout_loops_ring, chequers_serial_rivers_small_b
D:2:      layout_rooms, serial_shops, shop, uniq_terence, uniq_sigmund
D:3:      layout_loops_ring, old_standard_altar, nemelex_diamond_rough_becter,
          hellmonk_ecumenical_altar_arch_garden, kennysheep_generic_room_14
D:4:      layout_gridville, nicolae_ashenzari_skybound, vehumet_altar_wand_db,
          nicolae_elyvilon_temple_path, temple_hall, uniq_eustachio

Skill      XL: |  1  2  3  4  5  6 |
---------------+-------------------+-----
Conjurations   | 2 4 |  4.0
Fighting       | 1 2 |  2.4
Dodging        | 3 |  3.6
Air Magic      | 6 |  6.8
Stealth        | 3 |  3.1
Short Blades   | |  0.4
Throwing       | |  0.1
Spellcasting   | |  2.8

Action                     |  1- 3 |  4- 6 |  7- 9 || total
---------------------------+-------+-------+-------++-------
  Melee: Dagger            |    17 |    25 |       ||    42
         Kick              |     4 |     9 |       ||    13
         Peck              |     1 |     3 |       ||     4
  Throw: Dart              |       |     4 |       ||     4
   Cast: Shock             |    24 |    68 |       ||    92
         Static Discharge  |     1 |     6 |     3 ||    10
   Stab: Sleeping          |     6 |     4 |       ||    10
 Armour: Robe              |     2 |     5 |       ||     7
  Dodge: Dodged            |    11 |    19 |     9 ||    39
